 Dungeon Crawl Stone Soup version 0.29-a0-284-gf9362112df (webtiles) character file.

Game seed: 10147271630995245793

4 Hubjo the Vexing (level 1, -1/14 HPs)
             Began as a Demonspawn Enchanter on Mar 23, 2022.
             Slain by a goblin
             ... wielding a +0 dagger of protection
              (3 damage)
             ... on level 1 of the Dungeon.
             The game lasted 00:00:22 (106 turns).

Hubjo the Vexing (Demonspawn Enchanter)              Turns: 106, Time: 00:00:23

Health: -1/14      AC:  2    Str:  8    XL:     1   Next: 50%
Magic:  3/3        EV: 12    Int: 16    God:
Gold:   0          SH:  0    Dex: 13    Spells: 4/4 levels left

rFire   . . .      SeeInvis .   a - +1 dagger
rCold   . . .      Faith    .   (no shield)
rNeg    . . .      Spirit   .   b - +0 robe
rPois   .          Reflect  .   (no helmet)
rElec   .          Harm     .   (no cloak)
rCorr   .          Rampage  .   (no gloves)
Will    .....                   (no boots)
Stlth   ++........              (no amulet)
HPRegen 0.04/turn               (no ring)
MPRegen 0.08/turn               (no ring)

@: no status effects
A: no striking features
a: no special abilities


You were on level 1 of the Dungeon.
You visited 1 branch of the dungeon, and saw 1 of its levels.

Inventory:

Hand Weapons
 a - a +1 dagger (weapon)
Armour
 b - a +0 robe (worn)
Potions
 c - 2 potions of invisibility
 d - a potion of flight {unknown}


   Skills:
 * Level 0.4 Fighting
 - Level 0.8 Short Blades
 - Level 1.7 Dodging
 * Level 2.8 Stealth
 + Level 2.0 Spellcasting
 - Level 3.0 Hexes


You had 4 spell levels left.
You didn't know any spells.
Your spell library contained the following spells:

 Spells                   Type           Power      Damage    Failure   Level
 Ensorcelled Hibernation  Hex/Ice        12%        N/A       17%         2
 Confusing Touch          Hex            11%        N/A       19%         3
 Tukima's Dance           Hex            11%        N/A       19%         3
 Dazzling Flash           Conj/Hex       12%        N/A       32%         3


Dungeon Overview and Level Annotations

Branches:
Dungeon (1/15)

Altars:


Message History

You are too injured to fight recklessly!
You are too injured to fight recklessly!
You are too injured to fight recklessly!
You are too injured to fight recklessly!
You are too injured to fight recklessly!
You are too injured to fight recklessly!
You are too injured to fight recklessly!
You are too injured to fight recklessly!
You are too injured to fight recklessly!
You are too injured to fight recklessly!
A quokka is nearby!
You miss the quokka. The quokka closely misses you.
You barely miss the quokka. The quokka misses you.
You hit the quokka.
The quokka is heavily wounded.
The quokka bites you.
* * * LOW HITPOINT WARNING * * *
You hit the quokka but do no damage.
The quokka is heavily wounded.
The quokka closely misses you.
You closely miss the quokka.
The quokka is heavily wounded.
The quokka closely misses you.
You hit the quokka.
You kill the quokka!
Things that are here:
a quokka corpse; a frilled lizard corpse A goblin comes into view.
It is wielding a +0 dagger of protection.
The goblin shouts!
A goblin is nearby!
Things that are here:
a quokka corpse; a frilled lizard corpse The goblin hits you with a +0 dagger of protection.
* * * LOW HITPOINT WARNING * * *
The goblin hits you but does no damage.
You barely miss the goblin. The goblin barely misses you.
You hit the goblin.
The goblin is severely wounded.
The goblin hits you with a +0 dagger of protection.
You die...

####.##########.........#
##..#.#..## #########.#
#.#.#.#.#.# #.#
#..#...#..##############.#
###.....####.........>...#
.....<.....+.#####.#..####
###.....####.# #.#..#
#..#...#..#..#####.#..#
#.#.#.#.#.#....g@#....#
##..#.#..##..###.#.#.....#
####.####...# #...##.##.#
#+#....#g#####.####
...#.##.....#.# ##
#...†.##.#.# #.....# #..
#.....# #.. ##...... #..#


You could see a goblin.

Vanquished Creatures
  A goblin (D:1)
  A quokka (D:1)
  A frilled lizard (D:1)
  A rat (D:1)
4 creatures vanquished.

Notes
Turn   | Place    | Note
-------+----------+-------------------------------------------
     0 | D:1      | Hubjo the Demonspawn Enchanter began the quest for the Orb.
     0 | D:1      | Reached XP level 1. HP: 13/13 MP: 3/3
   106 | D:1      | Slain by a goblin

Illustrated notes

Levels and vault maps discovered:
D:1:      nzn_arrival_crosshair, layout_basic,
          hellmonk_ecumenical_altar_heavens_door

Action                   || total
-------------------------++-------
Melee: Dagger            ||    18
Armor: Robe              ||     3
Dodge: Dodged            ||     8

Table legend: (Time is in decaauts)
 A = Elapsed time spent in this place.
 B = Non-inter-level travel time spent in this place.
 C = Inter-level travel time spent in this place.
 D = Time resting spent in this place.
 E = Time spent auto-exploring this place.
 F = Levels seen in this place.
 G = Mean time per level.
                   A        B        C        D        E       F      G
               +--------+--------+--------+--------+--------+-----+--------+
         Total |    105 |    105 |      0 |      0 |     55 |   1 |  105.0 |
       Dungeon |    105 |    105 |      0 |      0 |     55 |   1 |  105.0 |
               +--------+--------+--------+--------+--------+-----+--------+

Top non-repeatable levels by time:
     D:1: 105 daAuts
